[ AOE2 MATCH · #482057484 ]
UnrankedBritons vs Huns
[ REPLAY ANALYSIS · EXTRACTED FROM THE RECORDED GAME ]
Feudal
17:58
Castle
—
Imperial
—
| APM avg | 9.0 |
| APM peak | 33 |
| eAPM avg | 6.9 |
| Villagers / military | 40 / 0 |
Focus
⚔️ 7.4% · 🌾 92.6%
Fishing Ship ×6 · Trade Cart ×1
Feudal
—
Castle
—
Imperial
—
| APM avg | 25.8 |
| APM peak | 52 |
| eAPM avg | 14.2 |
| Villagers / military | 127 / 1 |
Focus
⚔️ 10.2% · 🌾 89.8%
Fishing Ship ×21 · Monk ×1
Feudal
—
Castle
—
Imperial
—
| APM avg | 18.8 |
| APM peak | 31 |
| eAPM avg | 14.9 |
| Villagers / military | 136 / 31 |
Focus
⚔️ 14.9% · 🌾 85.1%
Spearman ×23 · Trade Cart ×11 · Mangonel ×4 · Trebuchet (Packed) ×3 · Monk ×1
Feudal
18:14
Castle
26:35
Imperial
—
| APM avg | 14.3 |
| APM peak | 42 |
| eAPM avg | 10.2 |
| Villagers / military | 124 / 0 |
Focus
⚔️ 9.4% · 🌾 90.6%
Fishing Ship ×25 · Trade Cart ×22
Feudal
12:41
Castle
17:08
Imperial
30:21
| APM avg | 17.4 |
| APM peak | 32 |
| eAPM avg | 13.9 |
| Villagers / military | 97 / 5 |
Focus
⚔️ 15.0% · 🌾 85.0%
Fishing Ship ×13 · Unknown (1923) ×5 · Trebuchet (Packed) ×3 · Monk ×1 · Demolition Raft ×1
Feudal
13:21
Castle
18:14
Imperial
31:22
| APM avg | 27.3 |
| APM peak | 52 |
| eAPM avg | 21.5 |
| Villagers / military | 113 / 52 |
Focus
⚔️ 9.5% · 🌾 90.5%
Samurai ×51 · Fishing Ship ×15 · Monk ×1
Feudal
15:28
Castle
20:17
Imperial
—
| APM avg | 15.1 |
| APM peak | 47 |
| eAPM avg | 10.1 |
| Villagers / military | 163 / 12 |
Focus
⚔️ 8.7% · 🌾 91.3%
Iron Pagoda ×10 · Fishing Ship ×7 · Monk ×2
Feudal
14:11
Castle
20:15
Imperial
—
| APM avg | 16.9 |
| APM peak | 36 |
| eAPM avg | 12.2 |
| Villagers / military | 110 / 2 |
Focus
⚔️ 7.0% · 🌾 93.0%
Fishing Ship ×29 · Monk ×2
Match map
Initial resources + every placement click. Lines = walls · curves = elevation contours. ◆ gold · ⬟ stone · ● berries · ✦ relic · ◌ wall gap
Your base· ✓ Closed at 30:41 · 47t walls · fragile
augustO weB's base· ✓ Closed at 16:03 · 18t walls · fragile
AgeBack09014's base· ✓ Closed at 13:24 · 0t walls · fragile
Upuaut91's base· ✓ Closed at 26:35 · 60t walls · 1 gate(s) · fragile
BigCowIsLazier's base· ✓ Closed at 17:08 · 0t walls · fragile
LTNS's base· ✓ Closed at 18:14 · 0t walls · fragile
chienlamquang's base· ✓ Closed at 20:17 · 0t walls · fragile
Lord Dark's base· ✓ Closed at 20:15 · 38t walls · fragile
Smoothed initial terrain · ◌ = detected wall gap · hover for details
Inputs per minute
— 853374044 - - augustO weB
Build order — 853374044
102 actions detected in the replay
| 0:08 | Create | Villager (Male) |
| 0:09 | Create | Villager (Male) |
| 0:09 | Create | Villager (Male) |
| 0:09 | Create | Villager (Male) |
| 0:09 | Create | Villager (Male) |
| 0:11 | Build | House |
| 0:12 | Build | House |
| 1:59 | Research | Loom |
| 2:00 | Create | Villager (Male) |
| 2:00 | Create | Villager (Male) |
| 2:00 | Create | Villager (Male) |
| 2:26 | Build | Palisade Wall |
| 3:34 | Build | Palisade Wall |
| 4:08 | Build | Palisade Wall |
| 4:43 | Build | House |
| 5:32 | Create | Villager (Male) |
| 5:32 | Create | Villager (Male) |
| 5:32 | Create | Villager (Male) |
| 5:33 | Create | Villager (Male) |
| 5:33 | Create | Villager (Male) |
| 6:19 | Build | Palisade Wall |
| 7:45 | Build | Lumber Camp |
| 8:21 | Create | Villager (Male) |
| 8:21 | Create | Villager (Male) |
| 8:21 | Create | Villager (Male) |
| 9:35 | Build | Mill |
| 10:05 | Create | Villager (Male) |
| 10:05 | Create | Villager (Male) |
| 10:05 | Create | Villager (Male) |
| 10:06 | Create | Villager (Male) |
| 10:06 | Create | Villager (Male) |
| 10:06 | Create | Villager (Male) |
| 10:06 | Create | Villager (Male) |
| 12:11 | Build | Dock |
| 12:25 | Build | Mill |
| 12:41 | Create | Villager (Male) |
| 12:42 | Create | Villager (Male) |
| 12:46 | Build | House |
| 12:48 | Build | House |
| 13:16 | Create | Fishing Ship |
| 14:07 | Build | Mining Camp |
| 15:43 | Create | Fishing Ship |
| 15:48 | Research | Feudal Age |
| 16:24 | Create | Villager (Male) |
| 16:24 | Create | Villager (Male) |
| 16:31 | Create | Fishing Ship |
| 17:34 | Build | Barracks |
| 17:58 | Age | Feudal Age |
| 18:00 | Research | Double-Bit Axe |
| 18:02 | Research | Horse Collar |
| 18:10 | Research | Wheelbarrow |
| 18:33 | Research | Tech 906 |
| 18:35 | Create | Fishing Ship |
| 18:36 | Create | Fishing Ship |
| 19:02 | Build | Stone Wall |
| 19:55 | Create | Fishing Ship |
| 20:12 | Create | Villager (Male) |
| 20:12 | Create | Villager (Male) |
| 20:13 | Create | Villager (Male) |
| 20:49 | Build | Farm |
| 20:51 | Build | Farm |
| 20:52 | Build | Farm |
| 20:55 | Build | Farm |
| 21:04 | Create | Villager (Male) |
| 21:04 | Create | Villager (Male) |
| 21:10 | Build | House |
| 21:11 | Build | House |
| 26:38 | Build | Market |
| 26:48 | Build | Blacksmith |
| 27:22 | Research | Town Watch |
| 27:37 | Research | Stone Mining |
| 27:53 | Build | Mining Camp |
| 28:05 | Build | Farm |
| 28:06 | Build | Farm |
| 28:09 | Build | Farm |
| 28:12 | Build | Farm |
| 28:14 | Build | Farm |
| 28:16 | Build | Farm |
| 28:18 | Build | Farm |
| 28:22 | Create | Villager (Male) |
| 28:22 | Create | Villager (Male) |
| 28:22 | Create | Villager (Male) |
| 28:22 | Create | Villager (Male) |
| 28:23 | Create | Villager (Male) |
| 28:23 | Create | Villager (Male) |
| 28:24 | Create | Villager (Male) |
| 28:24 | Create | Villager (Male) |
| 29:09 | Research | Gold Mining |
| 29:23 | Build | House |
| 29:25 | Build | House |
| 29:27 | Build | House |
| 29:29 | Build | House |
| 30:41 | Research | Castle Age |
| 30:56 | Build | Lumber Camp |
| 31:08 | Build | Fish Trap |
| 31:12 | Build | Fish Trap |
| 31:17 | Build | Fish Trap |
| 31:21 | Build | Fish Trap |
| 31:25 | Build | Fish Trap |
| 31:29 | Build | Fish Trap |
| 31:44 | Create | Trade Cart |
| 32:18 | Build | Stable |
Build order — augustO weB
First 150 of 218 actions detected
| 0:03 | Create | Villager (Male) ×4 |
| 0:06 | Build | House |
| 0:09 | Build | House |
| 0:45 | Research | Loom |
| 0:45 | Research | Loom |
| 1:34 | Create | Villager (Male) |
| 2:12 | Create | Villager (Male) |
| 2:12 | Create | Villager (Male) |
| 2:35 | Build | Palisade Wall |
| 2:42 | Create | Villager (Male) |
| 3:17 | Create | Villager (Male) |
| 4:00 | Create | Villager (Male) |
| 4:00 | Create | Villager (Male) |
| 4:44 | Create | Villager (Male) |
| 4:44 | Create | Villager (Male) |
| 4:45 | Create | Villager (Male) |
| 5:26 | Build | House |
| 5:27 | Build | House |
| 5:35 | Build | Palisade Wall |
| 5:53 | Create | Villager (Male) |
| 6:14 | Create | Villager (Male) |
| 6:44 | Build | Lumber Camp |
| 6:57 | Create | Villager (Male) |
| 7:05 | Build | Palisade Wall |
| 7:08 | Build | Palisade Wall |
| 7:26 | Create | Villager (Male) |
| 7:53 | Create | Villager (Male) |
| 8:07 | Create | Villager (Male) |
| 8:29 | Create | Villager (Male) |
| 8:37 | Build | House |
| 9:14 | Create | Villager (Male) |
| 9:38 | Build | Mill |
| 9:53 | Create | Villager (Male) |
| 10:19 | Research | Feudal Age |
| 10:19 | Research | Feudal Age |
| 10:28 | Build | Mining Camp |
| 10:48 | Create | Villager (Male) |
| 10:48 | Create | Villager (Male) |
| 11:30 | Build | Dock |
| 12:03 | Create | Villager (Male) |
| 12:33 | Build | Palisade Wall |
| 12:42 | Research | Double-Bit Axe |
| 12:44 | Create | Fishing Ship |
| 12:44 | Create | Fishing Ship |
| 12:44 | Create | Fishing Ship |
| 13:02 | Build | Lumber Camp |
| 13:23 | Build | House |
| 13:46 | Create | Villager (Male) |
| 13:49 | Build | Farm |
| 14:00 | Build | Blacksmith |
| 14:16 | Create | Fishing Ship |
| 14:22 | Build | Farm |
| 14:23 | Create | Villager (Male) |
| 14:38 | Build | House |
| 14:48 | Create | Villager (Male) |
| 15:05 | Build | Market |
| 15:13 | Create | Villager (Male) |
| 15:16 | Build | Farm |
| 15:26 | Create | Fishing Ship |
| 15:34 | Create | Villager (Male) |
| 15:40 | Build | Farm |
| 16:03 | Research | Castle Age |
| 16:21 | Build | Dock |
| 16:24 | Create | Fishing Ship |
| 16:30 | Build | Farm |
| 16:44 | Build | Mining Camp |
| 17:00 | Research | Horse Collar |
| 17:13 | Build | House |
| 17:17 | Build | House |
| 17:47 | Build | House |
| 17:49 | Build | House |
| 17:51 | Build | House |
| 17:53 | Build | House |
| 17:55 | Build | House |
| 18:18 | Build | Fish Trap |
| 18:22 | Create | Fishing Ship |
| 18:25 | Create | Fishing Ship |
| 18:39 | Create | Villager (Male) |
| 18:39 | Create | Villager (Male) |
| 18:54 | Build | Town Center |
| 19:28 | Create | Villager (Male) |
| 19:28 | Create | Villager (Male) |
| 19:36 | Build | Town Center |
| 20:01 | Build | Fish Trap |
| 20:08 | Build | Fish Trap |
| 20:13 | Create | Villager (Male) ×5 |
| 20:15 | Research | Wheelbarrow |
| 20:15 | Research | Wheelbarrow |
| 20:30 | Build | Lumber Camp |
| 20:45 | Build | Fish Trap |
| 20:53 | Create | Villager (Male) ×3 |
| 21:08 | Build | House |
| 21:16 | Build | Fish Trap |
| 21:25 | Build | Fish Trap |
| 21:34 | Create | Villager (Male) |
| 21:45 | Build | Lumber Camp |
| 21:47 | Create | Villager (Male) |
| 21:52 | Build | Fish Trap |
| 22:00 | Build | Fish Trap |
| 22:03 | Create | Fishing Ship |
| 22:03 | Create | Fishing Ship |
| 22:16 | Build | Monastery |
| 22:21 | Create | Villager (Male) |
| 22:32 | Build | Castle |
| 22:35 | Build | Siege Workshop |
| 22:46 | Create | Villager (Male) |
| 22:47 | Create | Villager (Male) |
| 23:06 | Build | Fish Trap |
| 23:11 | Build | Fish Trap |
| 23:13 | Create | Fishing Ship |
| 23:14 | Create | Fishing Ship |
| 23:14 | Create | Fishing Ship |
| 23:15 | Create | Fishing Ship |
| 23:20 | Build | Farm |
| 23:21 | Create | Monk |
| 23:29 | Create | Villager (Male) ×2 |
| 23:36 | Create | Fishing Ship |
| 23:45 | Create | Villager (Male) |
| 23:45 | Create | Villager (Male) |
| 24:11 | Create | Villager (Male) |
| 24:11 | Create | Villager (Male) |
| 24:12 | Create | Villager (Male) |
| 24:21 | Build | Fish Trap |
| 24:30 | Build | Fish Trap |
| 24:33 | Create | Fishing Ship |
| 24:45 | Build | Fish Trap |
| 24:53 | Build | Fish Trap |
| 24:56 | Create | Villager (Male) ×3 |
| 25:05 | Build | Town Center |
| 25:09 | Create | Villager (Male) ×2 |
| 25:09 | Create | Villager (Male) ×2 |
| 25:19 | Build | Barracks |
| 25:22 | Build | Siege Workshop |
| 25:28 | Create | Villager (Male) |
| 25:56 | Build | Dock |
| 26:17 | Create | Villager (Male) ×4 |
| 26:22 | Build | Fish Trap |
| 26:28 | Build | Fish Trap |
| 26:31 | Create | Fishing Ship |
| 26:31 | Create | Fishing Ship |
| 26:34 | Research | Tech 906 |
| 26:45 | Create | Villager (Male) ×3 |
| 26:49 | Build | Farm |
| 26:49 | Build | Farm |
| 26:49 | Build | Farm |
| 26:50 | Build | Farm |
| 26:50 | Build | Farm |
| 26:50 | Build | Farm |
| 26:57 | Create | Fishing Ship |
| 27:10 | Build | Stable |
Build order — AgeBack09014
First 150 of 318 actions detected
| 0:02 | Create | Villager (Male) |
| 0:02 | Create | Villager (Male) |
| 0:03 | Build | House |
| 0:05 | Build | House |
| 0:18 | Create | Villager (Male) |
| 0:18 | Create | Villager (Male) |
| 0:19 | Create | Villager (Male) |
| 1:26 | Create | Villager (Male) |
| 1:50 | Build | Lumber Camp |
| 2:02 | Create | Villager (Male) |
| 2:02 | Create | Villager (Male) |
| 2:21 | Create | Villager (Male) |
| 2:21 | Create | Villager (Male) |
| 2:47 | Create | Villager (Male) |
| 2:47 | Create | Villager (Male) |
| 3:14 | Create | Villager (Male) |
| 3:14 | Create | Villager (Male) |
| 3:27 | Build | House |
| 3:45 | Research | Loom |
| 3:57 | Create | Villager (Male) |
| 3:57 | Create | Villager (Male) |
| 4:29 | Create | Villager (Male) |
| 4:30 | Create | Villager (Male) |
| 4:30 | Create | Villager (Male) |
| 4:54 | Create | Villager (Male) |
| 4:54 | Create | Villager (Male) |
| 5:53 | Create | Villager (Male) |
| 5:53 | Create | Villager (Male) |
| 5:54 | Create | Villager (Male) |
| 6:04 | Create | Villager (Male) |
| 6:04 | Create | Villager (Male) |
| 6:41 | Create | Villager (Male) |
| 6:42 | Create | Villager (Male) |
| 6:51 | Build | Mill |
| 6:55 | Build | House |
| 7:07 | Create | Villager (Male) |
| 7:08 | Create | Villager (Male) |
| 7:25 | Build | House |
| 7:49 | Create | Villager (Male) |
| 7:49 | Create | Villager (Male) |
| 7:57 | Build | House |
| 7:59 | Create | Villager (Male) |
| 8:00 | Create | Villager (Male) |
| 8:00 | Create | Villager (Male) |
| 8:00 | Create | Villager (Male) |
| 8:15 | Create | Villager (Male) |
| 8:16 | Create | Villager (Male) |
| 8:44 | Build | Farm |
| 8:59 | Build | Farm |
| 9:48 | Build | Farm |
| 9:54 | Build | Farm |
| 9:58 | Build | Mining Camp |
| 10:11 | Research | Feudal Age |
| 10:51 | Build | Farm |
| 12:05 | Create | Villager (Male) |
| 12:05 | Create | Villager (Male) |
| 12:29 | Build | Market |
| 12:36 | Build | Blacksmith |
| 12:50 | Research | Double-Bit Axe |
| 13:07 | Research | Horse Collar |
| 13:24 | Research | Castle Age |
| 13:42 | Build | House |
| 14:03 | Research | Wheelbarrow |
| 15:02 | Create | Villager (Male) |
| 15:03 | Create | Villager (Male) |
| 15:40 | Build | House |
| 16:07 | Build | Town Center |
| 16:21 | Build | Town Center |
| 16:29 | Create | Villager (Male) |
| 16:32 | Build | Farm |
| 16:41 | Build | House |
| 16:42 | Build | House |
| 16:49 | Build | Farm |
| 17:16 | Build | House |
| 17:39 | Create | Villager (Male) |
| 17:45 | Create | Villager (Male) |
| 17:54 | Create | Villager (Male) |
| 17:54 | Create | Villager (Male) |
| 17:58 | Build | Farm |
| 18:01 | Build | Farm |
| 18:02 | Build | Farm |
| 18:04 | Create | Villager (Male) |
| 18:05 | Create | Villager (Male) |
| 18:05 | Create | Villager (Male) |
| 18:10 | Build | House |
| 18:12 | Build | House |
| 18:13 | Build | House |
| 18:20 | Build | Farm |
| 18:27 | Build | Farm |
| 18:29 | Build | Farm |
| 18:32 | Build | Farm |
| 18:33 | Build | Farm |
| 18:35 | Create | Villager (Male) |
| 18:35 | Create | Villager (Male) |
| 18:36 | Create | Villager (Male) |
| 18:38 | Create | Villager (Male) |
| 18:39 | Create | Villager (Male) |
| 18:49 | Build | Mining Camp |
| 18:53 | Create | Villager (Male) |
| 18:54 | Create | Villager (Male) |
| 18:55 | Create | Villager (Male) |
| 19:01 | Research | Heavy Plow |
| 19:08 | Build | Farm |
| 19:19 | Create | Villager (Male) |
| 19:32 | Build | Lumber Camp |
| 19:38 | Build | House |
| 19:39 | Build | House |
| 19:40 | Build | House |
| 19:42 | Create | Villager (Male) |
| 19:43 | Create | Villager (Male) |
| 19:44 | Create | Villager (Male) |
| 20:21 | Build | Town Center |
| 20:22 | Create | Villager (Male) |
| 20:23 | Create | Villager (Male) |
| 20:24 | Create | Villager (Male) |
| 20:39 | Build | Farm |
| 20:40 | Build | Farm |
| 20:41 | Create | Villager (Male) |
| 20:42 | Create | Villager (Male) |
| 20:43 | Create | Villager (Male) |
| 20:49 | Build | Farm |
| 20:54 | Build | Farm |
| 20:55 | Build | Farm |
| 20:57 | Build | Farm |
| 20:58 | Build | Farm |
| 21:02 | Create | Villager (Male) |
| 21:03 | Create | Villager (Male) |
| 21:04 | Create | Villager (Male) |
| 21:09 | Build | House |
| 21:10 | Build | House |
| 21:12 | Build | House |
| 21:14 | Build | House |
| 21:16 | Build | House |
| 21:18 | Create | Villager (Male) |
| 21:18 | Create | Villager (Male) |
| 21:28 | Create | Trade Cart |
| 21:28 | Create | Trade Cart |
| 21:34 | Build | Farm |
| 21:44 | Build | Farm |
| 21:48 | Create | Villager (Male) |
| 21:50 | Create | Villager (Male) |
| 21:50 | Create | Villager (Male) |
| 22:01 | Create | Villager (Male) |
| 22:03 | Create | Villager (Male) |
| 22:10 | Build | Farm |
| 22:15 | Build | Farm |
| 22:16 | Build | Farm |
| 22:19 | Build | Farm |
| 22:21 | Build | Farm |
| 22:22 | Build | Farm |
Build order — Upuaut91
First 150 of 242 actions detected
| 0:10 | Research | Loom |
| 0:12 | Create | Villager (Male) |
| 0:13 | Create | Villager (Male) |
| 0:13 | Create | Villager (Male) |
| 0:14 | Create | Villager (Male) |
| 0:14 | Create | Villager (Male) |
| 1:42 | Build | Palisade Wall |
| 1:52 | Create | Villager (Male) |
| 1:52 | Create | Villager (Male) |
| 2:32 | Create | Villager (Male) |
| 3:06 | Build | Palisade Wall |
| 3:17 | Create | Villager (Male) |
| 3:18 | Create | Villager (Male) |
| 3:18 | Create | Villager (Male) |
| 4:45 | Create | Villager (Male) |
| 4:45 | Create | Villager (Male) |
| 4:45 | Create | Villager (Male) |
| 4:46 | Create | Villager (Male) |
| 4:46 | Create | Villager (Male) |
| 4:46 | Create | Villager (Male) |
| 5:40 | Build | Palisade Wall |
| 5:58 | Create | Villager (Male) |
| 5:58 | Create | Villager (Male) |
| 5:59 | Create | Villager (Male) |
| 6:25 | Create | Villager (Male) |
| 6:25 | Create | Villager (Male) |
| 6:26 | Create | Villager (Male) |
| 7:22 | Build | Outpost |
| 7:46 | Build | Dock |
| 8:24 | Create | Villager (Male) |
| 8:25 | Create | Villager (Male) |
| 8:25 | Create | Villager (Male) |
| 8:25 | Create | Villager (Male) |
| 8:26 | Create | Villager (Male) |
| 8:30 | Build | Mining Camp |
| 8:36 | Create | Villager (Male) |
| 8:36 | Create | Villager (Male) |
| 8:37 | Create | Villager (Male) |
| 9:43 | Build | Lumber Camp |
| 9:56 | Create | Fishing Ship |
| 9:56 | Create | Fishing Ship |
| 10:46 | Create | Fishing Ship |
| 10:46 | Create | Fishing Ship |
| 11:00 | Build | Mill |
| 11:03 | Create | Villager (Male) |
| 11:04 | Create | Villager (Male) |
| 11:04 | Create | Villager (Male) |
| 11:04 | Create | Villager (Male) |
| 11:05 | Create | Villager (Male) |
| 11:05 | Create | Villager (Male) |
| 11:05 | Create | Villager (Male) |
| 11:25 | Build | Mill |
| 11:50 | Create | Fishing Ship |
| 11:51 | Create | Fishing Ship |
| 12:26 | Create | Villager (Male) |
| 12:27 | Create | Villager (Male) |
| 12:36 | Create | Fishing Ship |
| 12:37 | Create | Fishing Ship |
| 12:37 | Create | Fishing Ship |
| 12:47 | Create | Villager (Male) |
| 12:47 | Create | Villager (Male) |
| 12:47 | Create | Villager (Male) |
| 12:54 | Create | Fishing Ship |
| 12:54 | Create | Fishing Ship |
| 13:29 | Build | Lumber Camp |
| 14:13 | Create | Fishing Ship |
| 14:14 | Create | Fishing Ship |
| 14:14 | Create | Fishing Ship |
| 14:21 | Create | Villager (Male) |
| 14:21 | Create | Villager (Male) |
| 14:22 | Create | Villager (Male) |
| 14:22 | Create | Villager (Male) |
| 14:50 | Build | Farm |
| 14:51 | Build | Farm |
| 14:54 | Build | Farm |
| 15:17 | Build | Farm |
| 15:48 | Research | Feudal Age |
| 16:00 | Build | Outpost |
| 16:41 | Build | Dock |
| 17:10 | Build | Mining Camp |
| 18:14 | Age | Feudal Age |
| 18:20 | Build | Fish Trap |
| 18:21 | Build | Fish Trap |
| 18:23 | Build | Fish Trap |
| 18:25 | Build | Fish Trap |
| 18:29 | Build | Fish Trap |
| 18:31 | Build | Fish Trap |
| 18:33 | Build | Fish Trap |
| 18:36 | Build | Fish Trap |
| 18:45 | Build | Fish Trap |
| 18:49 | Research | Tech 906 |
| 18:50 | Create | Fishing Ship |
| 18:50 | Create | Fishing Ship |
| 18:51 | Create | Fishing Ship |
| 18:55 | Research | Town Watch |
| 18:56 | Create | Villager (Male) |
| 18:56 | Create | Villager (Male) |
| 18:57 | Create | Villager (Male) |
| 18:57 | Create | Villager (Male) |
| 18:57 | Create | Villager (Male) |
| 18:58 | Create | Villager (Male) |
| 19:16 | Build | Stone Wall |
| 19:29 | Build | Stone Wall |
| 19:39 | Build | Market |
| 19:48 | Research | Wheelbarrow |
| 19:50 | Create | Villager (Male) |
| 19:50 | Create | Villager (Male) |
| 19:50 | Create | Villager (Male) |
| 19:51 | Create | Villager (Male) |
| 19:51 | Create | Villager (Male) |
| 19:51 | Create | Villager (Male) |
| 20:24 | Build | Fish Trap |
| 20:37 | Build | Fish Trap |
| 20:49 | Create | Fishing Ship |
| 20:50 | Create | Fishing Ship |
| 20:51 | Create | Fishing Ship |
| 20:52 | Create | Fishing Ship |
| 21:17 | Build | Blacksmith |
| 21:32 | Build | Stone Wall |
| 21:51 | Build | Gate |
| 22:04 | Research | Gold Mining |
| 22:04 | Research | Stone Mining |
| 22:12 | Research | Castle Age |
| 22:18 | Create | Trade Cart |
| 22:19 | Create | Trade Cart |
| 22:19 | Create | Trade Cart |
| 22:26 | Create | Trade Cart |
| 22:50 | Build | Fish Trap |
| 22:56 | Build | Fish Trap |
| 23:07 | Build | Fish Trap |
| 23:24 | Build | Mill |
| 23:39 | Build | Mining Camp |
| 24:00 | Build | Fish Trap |
| 24:22 | Build | Fish Trap |
| 24:27 | Create | Fishing Ship |
| 24:38 | Create | Trade Cart |
| 24:39 | Create | Trade Cart |
| 25:01 | Build | Barracks |
| 25:22 | Build | Fish Trap |
| 25:49 | Create | Villager (Male) |
| 25:49 | Create | Villager (Male) |
| 25:49 | Create | Villager (Male) |
| 25:55 | Create | Fishing Ship |
| 25:56 | Create | Fishing Ship |
| 25:57 | Create | Fishing Ship |
| 26:09 | Create | Trade Cart |
| 26:09 | Create | Trade Cart |
| 26:09 | Create | Trade Cart |
| 26:35 | Age | Castle Age |
| 26:38 | Research | Town Patrol |
Build order — BigCowIsLazier
First 150 of 241 actions detected
| 0:01 | Create | Villager (Male) |
| 0:02 | Create | Villager (Male) |
| 0:02 | Create | Villager (Male) |
| 0:02 | Create | Villager (Male) |
| 0:03 | Build | House |
| 0:05 | Build | House |
| 0:30 | Research | Loom |
| 1:42 | Create | Villager (Male) |
| 1:59 | Build | House |
| 2:00 | Build | House |
| 2:05 | Create | Villager (Male) |
| 2:05 | Create | Villager (Male) |
| 3:01 | Create | Villager (Male) |
| 3:01 | Create | Villager (Male) |
| 3:01 | Create | Villager (Male) |
| 3:06 | Build | Lumber Camp |
| 3:08 | Create | Villager (Male) |
| 3:09 | Create | Villager (Male) |
| 3:41 | Create | Villager (Male) |
| 3:59 | Create | Villager (Male) |
| 4:35 | Create | Villager (Male) |
| 5:27 | Create | Villager (Male) |
| 5:28 | Create | Villager (Male) |
| 5:40 | Build | Mill |
| 6:15 | Create | Villager (Male) |
| 6:16 | Create | Villager (Male) |
| 6:16 | Create | Villager (Male) |
| 6:53 | Create | Villager (Male) |
| 7:06 | Create | Villager (Male) |
| 7:14 | Create | Villager (Male) |
| 7:16 | Create | Villager (Male) |
| 7:58 | Create | Villager (Male) |
| 8:12 | Build | Dock |
| 8:22 | Create | Villager (Male) |
| 8:31 | Build | House |
| 8:37 | Build | House |
| 8:58 | Build | Mining Camp |
| 9:04 | Create | Fishing Ship |
| 9:13 | Create | Fishing Ship |
| 9:36 | Create | Villager (Male) |
| 9:37 | Create | Villager (Male) |
| 9:55 | Build | Mining Camp |
| 10:17 | Create | Fishing Ship |
| 10:31 | Research | Feudal Age |
| 11:00 | Create | Fishing Ship |
| 11:43 | Build | House |
| 11:49 | Create | Villager (Male) |
| 11:50 | Create | Villager (Male) |
| 11:51 | Create | Villager (Male) |
| 11:51 | Create | Villager (Male) |
| 11:54 | Create | Villager (Male) |
| 12:29 | Build | Mill |
| 12:41 | Age | Feudal Age |
| 12:42 | Research | Double-Bit Axe |
| 13:09 | Build | Market |
| 13:53 | Build | Blacksmith |
| 14:07 | Research | Tech 906 |
| 14:28 | Research | Castle Age |
| 14:35 | Research | Tech 1014 |
| 15:14 | Research | Gold Mining |
| 15:30 | Research | Stone Mining |
| 15:51 | Research | Fletching |
| 16:14 | Build | Pasture |
| 16:25 | Build | House |
| 16:26 | Build | House |
| 16:39 | Create | Demolition Raft |
| 16:43 | Create | Fishing Ship |
| 16:55 | Build | Pasture |
| 17:03 | Create | Villager (Male) |
| 17:06 | Create | Villager (Male) |
| 17:08 | Age | Castle Age |
| 17:13 | Research | Tech 1013 |
| 17:42 | Create | Villager (Male) |
| 17:47 | Build | Fish Trap |
| 17:53 | Research | Gillnets |
| 17:59 | Create | Villager (Male) |
| 18:05 | Build | Fish Trap |
| 18:10 | Build | Fish Trap |
| 18:36 | Build | Fish Trap |
| 18:41 | Create | Villager (Male) |
| 18:56 | Build | Pasture |
| 19:07 | Build | Fish Trap |
| 19:23 | Build | Castle |
| 19:28 | Build | Lumber Camp |
| 19:35 | Create | Villager (Male) |
| 19:35 | Create | Villager (Male) |
| 19:46 | Create | Fishing Ship |
| 20:17 | Create | Villager (Male) |
| 20:21 | Research | Bow Saw |
| 20:29 | Build | Fish Trap |
| 20:32 | Create | Fishing Ship |
| 20:41 | Create | Villager (Male) |
| 21:03 | Create | Villager (Male) |
| 21:10 | Build | Town Center |
| 21:27 | Build | Fish Trap |
| 21:31 | Create | Fishing Ship |
| 21:35 | Create | Villager (Male) |
| 21:48 | Create | Villager (Male) |
| 22:03 | Build | Monastery |
| 22:07 | Create | Villager (Male) |
| 22:09 | Build | Pasture |
| 22:16 | Build | Fish Trap |
| 22:19 | Create | Fishing Ship |
| 22:25 | Research | Bodkin Arrow |
| 22:31 | Create | Villager (Male) |
| 22:37 | Create | Villager (Male) |
| 22:39 | Create | Monk |
| 22:43 | Create | Fishing Ship |
| 22:58 | Build | Town Center |
| 23:05 | Build | Fish Trap |
| 23:10 | Build | Pasture |
| 23:13 | Create | Villager (Male) |
| 23:15 | Create | Villager (Male) |
| 23:15 | Create | Villager (Male) |
| 23:33 | Create | Fishing Ship |
| 23:43 | Build | Fish Trap |
| 23:47 | Create | Fishing Ship |
| 23:49 | Create | Villager (Male) |
| 23:55 | Build | Pasture |
| 23:58 | Create | Villager (Male) |
| 24:15 | Create | Villager (Male) |
| 24:21 | Create | Villager (Male) |
| 24:24 | Build | Fish Trap |
| 24:35 | Build | Pasture |
| 24:38 | Create | Villager (Male) |
| 24:41 | Create | Villager (Male) |
| 24:42 | Create | Villager (Male) |
| 24:42 | Create | Villager (Male) |
| 24:53 | Create | Fishing Ship |
| 24:59 | Build | Pasture |
| 25:12 | Create | Villager (Male) |
| 25:15 | Build | Pasture |
| 25:23 | Build | Pasture |
| 25:25 | Create | Villager (Male) |
| 25:31 | Build | Pasture |
| 25:40 | Build | Pasture |
| 25:42 | Create | Villager (Male) |
| 25:43 | Create | Villager (Male) |
| 25:45 | Create | Villager (Male) |
| 25:47 | Build | Fish Trap |
| 25:51 | Build | Fish Trap |
| 25:54 | Create | Villager (Male) |
| 25:54 | Create | Villager (Male) |
| 26:01 | Build | House |
| 26:03 | Build | House |
| 26:04 | Build | House |
| 26:05 | Build | House |
| 26:06 | Build | House |
| 26:10 | Create | Villager (Male) |
| 26:20 | Create | Villager (Male) |
Build order — LTNS
First 150 of 286 actions detected
| 0:02 | Create | Villager (Male) ×4 |
| 0:03 | Create | Villager (Male) ×4 |
| 0:05 | Build | House |
| 0:07 | Build | House |
| 0:57 | Research | Loom |
| 1:31 | Create | Villager (Male) |
| 1:31 | Create | Villager (Male) |
| 1:36 | Research | Loom |
| 1:36 | Research | Loom |
| 2:05 | Create | Villager (Male) |
| 2:06 | Create | Villager (Male) |
| 2:11 | Build | Lumber Camp |
| 3:13 | Create | Villager (Male) |
| 3:13 | Create | Villager (Male) |
| 3:13 | Create | Villager (Male) |
| 3:13 | Create | Villager (Male) |
| 4:04 | Create | Villager (Male) |
| 4:04 | Create | Villager (Male) |
| 4:10 | Build | House |
| 4:11 | Build | House |
| 4:48 | Build | Dock |
| 5:01 | Create | Villager (Male) |
| 5:01 | Create | Villager (Male) |
| 6:20 | Create | Villager (Male) |
| 6:21 | Create | Villager (Male) |
| 6:21 | Create | Villager (Male) |
| 6:32 | Create | Fishing Ship |
| 6:32 | Create | Fishing Ship |
| 7:23 | Create | Villager (Male) |
| 7:24 | Create | Villager (Male) |
| 7:46 | Create | Fishing Ship |
| 8:25 | Create | Villager (Male) |
| 8:48 | Create | Villager (Male) |
| 8:48 | Create | Villager (Male) |
| 8:59 | Build | Mining Camp |
| 9:40 | Create | Villager (Male) |
| 9:40 | Create | Villager (Male) |
| 9:44 | Build | House |
| 9:45 | Build | House |
| 9:51 | Create | Fishing Ship |
| 10:36 | Create | Villager (Male) |
| 10:49 | Build | Mill |
| 11:03 | Build | Mill |
| 11:11 | Research | Feudal Age |
| 11:11 | Research | Feudal Age |
| 11:35 | Build | Mining Camp |
| 12:56 | Build | Farm |
| 13:00 | Build | Farm |
| 13:07 | Create | Villager (Male) |
| 13:07 | Create | Villager (Male) |
| 13:21 | Age | Feudal Age |
| 13:29 | Build | Market |
| 13:35 | Build | Blacksmith |
| 14:09 | Build | Farm |
| 14:11 | Build | Farm |
| 14:14 | Create | Villager (Male) |
| 14:37 | Create | Villager (Male) |
| 14:43 | Build | Farm |
| 15:34 | Research | Castle Age |
| 15:34 | Research | Castle Age |
| 15:35 | Research | Castle Age |
| 16:33 | Build | Fish Trap |
| 16:45 | Build | Fish Trap |
| 16:53 | Build | Fish Trap |
| 17:01 | Build | Fish Trap |
| 17:28 | Build | House |
| 17:31 | Build | House |
| 17:42 | Create | Villager (Male) |
| 17:42 | Create | Villager (Male) |
| 17:48 | Research | Double-Bit Axe |
| 17:48 | Research | Double-Bit Axe |
| 18:14 | Age | Castle Age |
| 18:26 | Build | Town Center |
| 18:35 | Create | Villager (Male) |
| 18:52 | Build | Town Center |
| 19:10 | Create | Villager (Male) |
| 19:10 | Create | Villager (Male) |
| 19:21 | Create | Villager (Male) |
| 19:22 | Create | Villager (Male) |
| 19:37 | Build | Monastery |
| 19:44 | Create | Villager (Male) |
| 19:45 | Create | Villager (Male) |
| 19:47 | Create | Villager (Male) |
| 19:49 | Build | Farm |
| 20:13 | Research | Bow Saw |
| 20:13 | Research | Bow Saw |
| 20:21 | Create | Villager (Male) |
| 20:22 | Create | Villager (Male) |
| 20:36 | Create | Monk |
| 20:38 | Build | House |
| 20:40 | Build | House |
| 20:42 | Build | House |
| 20:54 | Create | Fishing Ship |
| 20:54 | Create | Fishing Ship |
| 20:59 | Create | Villager (Male) |
| 21:00 | Create | Villager (Male) |
| 21:01 | Create | Villager (Male) |
| 21:02 | Create | Villager (Male) |
| 21:08 | Build | Farm |
| 21:09 | Build | Farm |
| 21:27 | Build | House |
| 21:28 | Build | House |
| 21:29 | Build | House |
| 21:47 | Create | Villager (Male) |
| 21:47 | Create | Villager (Male) |
| 21:52 | Create | Villager (Male) |
| 21:59 | Build | Fish Trap |
| 22:03 | Create | Fishing Ship |
| 22:03 | Create | Fishing Ship |
| 22:12 | Create | Villager (Male) |
| 22:12 | Create | Villager (Male) |
| 22:21 | Build | Farm |
| 22:22 | Build | Farm |
| 22:30 | Create | Villager (Male) |
| 22:31 | Create | Villager (Male) |
| 22:31 | Create | Villager (Male) |
| 22:35 | Create | Villager (Male) |
| 22:54 | Build | Fish Trap |
| 23:06 | Create | Villager (Male) |
| 23:06 | Create | Villager (Male) |
| 23:26 | Build | Castle |
| 23:31 | Create | Villager (Male) |
| 23:32 | Create | Villager (Male) |
| 23:33 | Create | Villager (Male) |
| 23:33 | Create | Villager (Male) |
| 23:55 | Build | Town Center |
| 24:09 | Create | Villager (Male) |
| 24:10 | Create | Villager (Male) |
| 24:23 | Build | Fish Trap |
| 24:33 | Create | Fishing Ship |
| 24:34 | Create | Fishing Ship |
| 24:39 | Build | Farm |
| 24:40 | Build | Farm |
| 24:48 | Build | Farm |
| 24:52 | Create | Villager (Male) |
| 24:53 | Create | Villager (Male) |
| 24:54 | Create | Villager (Male) |
| 24:55 | Create | Villager (Male) |
| 24:59 | Build | Farm |
| 25:04 | Build | Farm |
| 25:05 | Build | Farm |
| 25:10 | Create | Villager (Male) |
| 25:11 | Create | Villager (Male) |
| 25:22 | Build | Lumber Camp |
| 25:31 | Create | Villager (Male) |
| 25:36 | Research | Wheelbarrow |
| 25:39 | Create | Villager (Male) |
| 25:40 | Create | Villager (Male) |
| 25:45 | Build | Farm |
| 25:46 | Build | Farm |
Build order — chienlamquang
First 150 of 204 actions detected
| 0:04 | Build | House |
| 0:06 | Build | House |
| 0:10 | Create | Villager (Male) |
| 0:11 | Create | Villager (Male) ×3 |
| 0:11 | Create | Villager (Male) ×3 |
| 0:11 | Create | Villager (Male) ×3 |
| 0:12 | Create | Villager (Male) ×3 |
| 0:52 | Build | House |
| 2:16 | Create | Villager (Male) |
| 2:16 | Create | Villager (Male) |
| 3:04 | Create | Villager (Male) |
| 3:04 | Create | Villager (Male) |
| 3:04 | Create | Villager (Male) |
| 3:19 | Create | Villager (Male) |
| 4:23 | Create | Villager (Male) |
| 4:23 | Create | Villager (Male) |
| 4:23 | Create | Villager (Male) |
| 5:11 | Create | Villager (Male) |
| 5:11 | Create | Villager (Male) |
| 5:14 | Create | Villager (Male) |
| 5:14 | Create | Villager (Male) |
| 5:53 | Create | Villager (Male) |
| 5:53 | Create | Villager (Male) |
| 5:53 | Create | Villager (Male) |
| 6:13 | Build | Mill |
| 6:27 | Create | Villager (Male) |
| 6:31 | Build | House |
| 6:55 | Create | Villager (Male) |
| 6:55 | Create | Villager (Male) |
| 7:04 | Build | Lumber Camp |
| 7:57 | Create | Villager (Male) |
| 7:57 | Create | Villager (Male) |
| 7:57 | Create | Villager (Male) |
| 8:12 | Research | Loom |
| 8:52 | Build | Mill |
| 8:54 | Create | Villager (Male) |
| 8:59 | Create | Villager (Male) |
| 9:24 | Build | Mining Camp |
| 9:28 | Create | Villager (Male) |
| 9:58 | Build | Mining Camp |
| 10:12 | Build | House |
| 10:13 | Build | House |
| 10:21 | Build | Farm |
| 10:44 | Create | Villager (Male) |
| 10:58 | Create | Villager (Male) |
| 11:17 | Create | Villager (Male) |
| 11:57 | Build | Dock |
| 12:00 | Create | Villager (Male) |
| 12:26 | Create | Villager (Male) |
| 12:40 | Create | Villager (Male) |
| 13:01 | Create | Fishing Ship |
| 13:02 | Create | Fishing Ship |
| 13:18 | Research | Feudal Age |
| 13:18 | Research | Feudal Age |
| 14:48 | Create | Villager (Male) |
| 14:49 | Create | Villager (Male) |
| 14:49 | Create | Villager (Male) |
| 15:28 | Age | Feudal Age |
| 15:44 | Build | Farm |
| 15:47 | Build | Farm |
| 15:50 | Build | Farm |
| 15:51 | Build | Farm |
| 15:53 | Build | Farm |
| 15:54 | Build | Farm |
| 16:05 | Build | Market |
| 16:53 | Build | Blacksmith |
| 17:17 | Create | Villager (Male) |
| 17:31 | Build | House |
| 17:33 | Build | House |
| 17:37 | Research | Castle Age |
| 17:43 | Build | House |
| 17:45 | Build | House |
| 17:46 | Build | House |
| 18:43 | Research | Double-Bit Axe |
| 18:46 | Research | Stone Mining |
| 18:47 | Research | Gold Mining |
| 18:51 | Build | House |
| 18:53 | Build | House |
| 18:54 | Build | House |
| 19:19 | Research | Horse Collar |
| 19:28 | Build | House |
| 19:29 | Build | House |
| 19:30 | Build | House |
| 19:31 | Build | House |
| 19:33 | Build | House |
| 19:34 | Build | House |
| 19:40 | Research | Wheelbarrow |
| 20:08 | Create | Villager (Male) |
| 20:17 | Age | Castle Age |
| 20:30 | Build | Town Center |
| 20:37 | Create | Villager (Male) |
| 20:41 | Build | Fish Trap |
| 20:42 | Build | Fish Trap |
| 20:56 | Research | Caravan |
| 21:03 | Research | Bow Saw |
| 22:02 | Create | Villager (Male) |
| 22:16 | Create | Villager (Male) |
| 22:33 | Build | Town Center |
| 22:36 | Create | Villager (Male) ×5 |
| 22:47 | Build | Farm |
| 22:56 | Create | Fishing Ship |
| 23:08 | Build | Lumber Camp |
| 23:11 | Create | Villager (Male) |
| 23:45 | Build | Fish Trap |
| 23:53 | Create | Villager (Male) |
| 23:53 | Create | Villager (Male) |
| 23:53 | Create | Villager (Male) |
| 24:08 | Research | Hand Cart |
| 24:08 | Research | Town Watch |
| 24:30 | Create | Fishing Ship |
| 24:33 | Create | Fishing Ship |
| 25:02 | Create | Villager (Male) ×5 |
| 25:02 | Create | Villager (Male) ×5 |
| 25:02 | Create | Villager (Male) ×5 |
| 25:13 | Build | Fish Trap |
| 25:25 | Build | Monastery |
| 25:38 | Create | Villager (Male) ×3 |
| 25:45 | Build | University |
| 25:51 | Build | Farm |
| 25:52 | Build | Farm |
| 25:58 | Build | Farm |
| 26:00 | Build | Farm |
| 26:13 | Build | Fish Trap |
| 26:28 | Build | Farm |
| 26:32 | Create | Monk |
| 26:32 | Create | Monk |
| 26:39 | Create | Villager (Male) ×5 |
| 26:40 | Create | Villager (Male) ×5 |
| 26:43 | Research | Treadmill Crane |
| 26:58 | Build | Lumber Camp |
| 27:01 | Create | Villager (Male) ×2 |
| 27:01 | Create | Villager (Male) ×2 |
| 27:01 | Create | Villager (Male) ×2 |
| 27:16 | Create | Fishing Ship |
| 27:19 | Create | Fishing Ship |
| 27:21 | Research | Tech 906 |
| 27:50 | Build | Town Center |
| 28:13 | Build | Siege Workshop |
| 28:14 | Build | Siege Workshop |
| 28:15 | Build | Siege Workshop |
| 28:17 | Build | Siege Workshop |
| 28:28 | Build | Fish Trap |
| 28:33 | Create | Villager (Male) ×5 |
| 28:33 | Create | Villager (Male) ×5 |
| 28:48 | Build | Fish Trap |
| 28:57 | Build | Farm |
| 28:58 | Build | Farm |
| 28:59 | Build | Farm |
| 29:01 | Build | Farm |
| 29:07 | Build | Farm |
Build order — Lord Dark
First 150 of 230 actions detected
| 0:02 | Create | Villager (Male) |
| 0:03 | Create | Villager (Male) |
| 0:03 | Create | Villager (Male) |
| 0:03 | Create | Villager (Male) |
| 0:04 | Create | Villager (Male) |
| 0:07 | Build | House |
| 0:11 | Build | House |
| 0:54 | Build | Palisade Wall |
| 1:01 | Build | Palisade Wall |
| 2:09 | Create | Villager (Male) |
| 2:09 | Create | Villager (Male) |
| 2:09 | Create | Villager (Male) |
| 2:37 | Research | Loom |
| 4:12 | Build | Palisade Wall |
| 4:33 | Create | Villager (Male) |
| 4:33 | Create | Villager (Male) |
| 4:33 | Create | Villager (Male) |
| 4:49 | Build | Lumber Camp |
| 5:00 | Build | House |
| 5:02 | Build | House |
| 5:27 | Create | Villager (Male) |
| 5:27 | Create | Villager (Male) |
| 5:30 | Create | Villager (Male) |
| 6:18 | Build | Palisade Wall |
| 6:21 | Create | Villager (Male) |
| 6:22 | Create | Villager (Male) |
| 6:22 | Create | Villager (Male) |
| 6:49 | Create | Villager (Male) |
| 6:49 | Create | Villager (Male) |
| 7:12 | Create | Villager (Male) |
| 7:13 | Create | Villager (Male) |
| 7:45 | Create | Villager (Male) |
| 7:46 | Create | Villager (Male) |
| 8:18 | Create | Villager (Male) |
| 8:18 | Create | Villager (Male) |
| 8:19 | Create | Villager (Male) |
| 8:39 | Create | Villager (Male) |
| 8:39 | Create | Villager (Male) |
| 9:01 | Build | Mill |
| 9:18 | Create | Villager (Male) |
| 9:18 | Create | Villager (Male) |
| 10:14 | Create | Villager (Male) |
| 10:14 | Create | Villager (Male) |
| 10:15 | Create | Villager (Male) |
| 11:32 | Build | Mill |
| 12:01 | Research | Feudal Age |
| 12:37 | Build | House |
| 13:33 | Create | Villager (Male) |
| 13:33 | Create | Villager (Male) |
| 13:33 | Create | Villager (Male) |
| 14:07 | Build | Mining Camp |
| 14:11 | Age | Feudal Age |
| 14:17 | Build | Market |
| 14:21 | Build | Blacksmith |
| 14:57 | Research | Double-Bit Axe |
| 15:06 | Build | Lumber Camp |
| 15:18 | Build | Palisade Wall |
| 15:37 | Build | Farm |
| 15:40 | Build | Farm |
| 15:46 | Create | Villager (Male) |
| 15:47 | Create | Villager (Male) |
| 16:05 | Build | Farm |
| 16:21 | Build | Farm |
| 16:35 | Build | House |
| 16:49 | Build | Farm |
| 16:58 | Build | Farm |
| 17:01 | Build | Farm |
| 17:25 | Build | Farm |
| 17:35 | Research | Castle Age |
| 17:35 | Research | Castle Age |
| 17:35 | Research | Castle Age |
| 18:13 | Build | Mining Camp |
| 18:22 | Research | Stone Mining |
| 19:13 | Build | Dock |
| 19:24 | Research | Horse Collar |
| 19:38 | Create | Villager (Male) |
| 19:38 | Create | Villager (Male) |
| 19:38 | Create | Villager (Male) |
| 19:38 | Create | Villager (Male) |
| 20:15 | Age | Castle Age |
| 20:21 | Build | Town Center |
| 20:46 | Create | Villager (Male) |
| 20:46 | Create | Villager (Male) |
| 20:46 | Create | Villager (Male) |
| 20:46 | Create | Villager (Male) |
| 21:16 | Build | Town Center |
| 21:31 | Create | Villager (Male) |
| 21:49 | Create | Villager (Male) |
| 21:50 | Create | Villager (Male) |
| 22:05 | Create | Villager (Male) |
| 22:05 | Create | Villager (Male) |
| 22:09 | Build | Farm |
| 22:23 | Build | Castle |
| 22:29 | Create | Villager (Male) |
| 22:30 | Create | Villager (Male) |
| 22:42 | Create | Fishing Ship |
| 22:43 | Create | Fishing Ship |
| 22:43 | Create | Fishing Ship |
| 22:47 | Create | Villager (Male) |
| 22:48 | Create | Villager (Male) |
| 22:53 | Build | Farm |
| 22:54 | Build | Farm |
| 22:55 | Create | Villager (Male) |
| 22:55 | Create | Villager (Male) |
| 23:01 | Build | Farm |
| 23:20 | Create | Villager (Male) |
| 23:20 | Create | Villager (Male) |
| 23:47 | Build | House |
| 23:48 | Build | House |
| 23:50 | Build | House |
| 23:52 | Build | House |
| 23:54 | Build | House |
| 23:55 | Build | House |
| 23:59 | Create | Villager (Male) |
| 24:00 | Create | Villager (Male) |
| 24:00 | Create | Villager (Male) |
| 24:01 | Create | Villager (Male) |
| 24:18 | Create | Villager (Male) |
| 24:19 | Create | Villager (Male) |
| 24:27 | Build | Monastery |
| 24:35 | Create | Villager (Male) |
| 24:35 | Create | Villager (Male) |
| 24:35 | Create | Villager (Male) |
| 24:46 | Create | Fishing Ship ×3 |
| 24:46 | Create | Fishing Ship ×3 |
| 24:59 | Build | Farm |
| 25:01 | Build | Farm |
| 25:05 | Create | Villager (Male) |
| 25:05 | Create | Villager (Male) |
| 25:05 | Create | Villager (Male) |
| 25:06 | Create | Villager (Male) |
| 25:18 | Create | Villager (Male) |
| 25:18 | Create | Villager (Male) |
| 25:30 | Create | Monk |
| 25:31 | Create | Monk |
| 25:36 | Create | Villager (Male) |
| 25:36 | Create | Villager (Male) |
| 25:36 | Create | Villager (Male) |
| 25:40 | Create | Villager (Male) |
| 25:40 | Create | Villager (Male) |
| 25:50 | Build | Farm |
| 25:50 | Build | Farm |
| 25:50 | Build | Farm |
| 25:51 | Build | Farm |
| 25:55 | Create | Villager (Male) |
| 25:55 | Create | Villager (Male) |
| 25:55 | Create | Villager (Male) |
| 25:55 | Create | Villager (Male) |
| 25:56 | Create | Villager (Male) |
| 26:06 | Build | Town Center |
Match timeline
| 0:54 | Lord Dark · wall_segment Palisade Wall x13 |
| 1:01 | Lord Dark · wall_segment Palisade Wall x10 |
| 1:42 | Upuaut91 · wall_segment Palisade Wall x8 |
| 2:26 | 853374044 · wall_segment Palisade Wall x14 |
| 2:35 | augustO weB · wall_segment Palisade Wall x8 |
| 3:06 | Upuaut91 · wall_segment Palisade Wall x10 |
| 3:34 | 853374044 · wall_segment Palisade Wall x16 |
| 4:08 | 853374044 · wall_segment Palisade Wall x15 |
| 4:12 | Lord Dark · wall_segment Palisade Wall x10 |
| 4:48 | LTNS · first_building Dock |
| 5:35 | augustO weB · wall_segment Palisade Wall x6 |
| 5:40 | Upuaut91 · wall_segment Palisade Wall x3 |
| 6:18 | Lord Dark · wall_segment Palisade Wall x2 |
| 6:19 | 853374044 · wall_segment Palisade Wall x1 |
| 7:05 | augustO weB · wall_segment Palisade Wall x1 |
| 7:08 | augustO weB · wall_segment Palisade Wall x1 |
| 7:46 | Upuaut91 · first_building Dock |
| 8:12 | BigCowIsLazier · first_building Dock |
| 11:30 | augustO weB · first_building Dock |
| 11:57 | chienlamquang · first_building Dock |
| 12:11 | 853374044 · first_building Dock |
| 12:33 | augustO weB · wall_segment Palisade Wall x4 |
| 12:41 | BigCowIsLazier · age_up feudal |
| 13:21 | LTNS · age_up feudal |
| 13:21 | AgeBack09014 · first_market_sell 100 stone |
| 14:11 | Lord Dark · age_up feudal |
| 15:18 | Lord Dark · wall_segment Palisade Wall x4 |
| 15:28 | chienlamquang · age_up feudal |
| 15:33 | AgeBack09014 · first_market_buy 100 stone |
| 17:08 | BigCowIsLazier · age_up castle |
| 17:34 | 853374044 · first_building Barracks |
| 17:58 | 853374044 · age_up feudal |
| 18:14 | Upuaut91 · age_up feudal |
| 18:14 | LTNS · age_up castle |
| 19:02 | 853374044 · wall_segment Stone Wall x15 |
| 19:13 | Lord Dark · first_building Dock |
| 19:16 | Upuaut91 · wall_segment Stone Wall x24 |
| 19:23 | BigCowIsLazier · first_building Castle |
| 19:29 | Upuaut91 · wall_segment Stone Wall x15 |
| 19:37 | LTNS · first_building Monastery |
| 20:15 | Lord Dark · age_up castle |
| 20:17 | chienlamquang · age_up castle |
| 21:32 | Upuaut91 · wall_segment Stone Wall x13 |
| 22:03 | BigCowIsLazier · first_building Monastery |
| 22:16 | augustO weB · first_building Monastery |
| 22:23 | Lord Dark · first_building Castle |
| 22:32 | augustO weB · first_building Castle |
| 22:35 | augustO weB · first_building Siege Workshop |
| 23:26 | LTNS · first_building Castle |
| 24:27 | Lord Dark · first_building Monastery |
| 25:01 | Upuaut91 · first_building Barracks |
| 25:19 | augustO weB · first_building Barracks |
| 25:25 | chienlamquang · first_building Monastery |
| 25:52 | AgeBack09014 · first_building Monastery |
| 26:35 | Upuaut91 · age_up castle |
| 26:44 | AgeBack09014 · first_building Castle |
| 27:07 | BigCowIsLazier · first_market_sell 100 food |
| 27:10 | augustO weB · first_building Stable |
| 27:16 | augustO weB · first_building Archery Range |
| 27:21 | Upuaut91 · first_building Castle |
| 28:03 | BigCowIsLazier · first_building Barracks |
| 28:13 | chienlamquang · first_building Siege Workshop |
| 28:25 | chienlamquang · first_market_buy 100 wood |
| 28:49 | LTNS · first_building Barracks |
| 28:50 | BigCowIsLazier · first_building Siege Workshop |
| 28:52 | AgeBack09014 · first_building Siege Workshop |
| 29:00 | AgeBack09014 · first_building Barracks |
| 29:58 | BigCowIsLazier · first_building Stable |
| 30:14 | BigCowIsLazier · first_building Archery Range |
| 30:21 | BigCowIsLazier · age_up imperial |
| 30:37 | 853374044 · first_market_buy 100 food |
| 30:46 | chienlamquang · first_building Barracks |
| 31:15 | LTNS · first_building Archery Range |
| 31:22 | LTNS · age_up imperial |
| 31:35 | Upuaut91 · first_building Stable |
| 31:41 | Lord Dark · first_building Siege Workshop |
| 32:18 | 853374044 · first_building Stable |
| 32:32 | chienlamquang · first_building Stable |
| 32:44 | Upuaut91 · first_building Monastery |
| 33:46 | augustO weB · resign |
[ AI ANALYSIS · 1 CREDIT ]
What really happened in this match?
Wolo.gg analyzes every decision: build order, eco, micro, common mistakes by bracket. Personalized analysis on WhatsApp or Discord in 30 seconds.
Civ guide
Britons
Map guide
Black Forest
Perfil
Jugador #9526558